 Dungeon Crawl Stone Soup version 0.24-a0-520-g8fd06ad (webtiles) character file.

Game seed: 4298112423051740647

1101 silentkaos13 the Poker (level 8, 0/102 HPs)
             Began as a Pale Draconian Fighter on July 27, 2019.
             Succumbed to a worker ant's poison
             ... on level 5 of the Dungeon.
             The game lasted 00:10:34 (4327 turns).

silentkaos13 the Poker (Pale Draconian Fighter)     Turns: 4327, Time: 00:10:35

Health: 0/102      AC:  6    Str: 26    XL:     8   Next: 10%
Magic:  8/8        EV: 11    Int:  8    God:
Gold:   212        SH: 10    Dex: 11    Spells: 7/7 levels left

rFire    . . .     SeeInvis .   a - +0 trident
rCold    . . .     Gourm    .   b - +0 shield
rNeg     . . .     Faith    .   (armour unavailable)
rPois    +         Spirit   .   (helmet restricted)
rElec    .         Reflect  .   (no cloak)
rCorr    .         Harm     .   (no gloves)
MR       .....                  (no boots)
Stlth    ..........             (no amulet)
HPRegen  0.27/turn              i - ring of stealth
MPRegen  0.11/turn              r - ring of poison resistance

@: berserking (expiring), lethally poisoned (0 -> -8), very quick
A: breathe steam, unfitting armour, cold-blooded, AC +6
a: Breathe Steam


You were on level 5 of the Dungeon.
You were not hungry.

You visited 1 branch of the dungeon, and saw 5 of its levels.

You collected 212 gold pieces.

Inventory:

Hand Weapons
 a - a +0 trident (weapon)
Armour
 b - a +0 shield (worn)
Jewellery
 i - a ring of stealth (left hand)
 r - a ring of poison resistance (right hand)
 t - an uncursed ring of protection from magic {unknown}
Wands
 m - a wand of paralysis (1)
 s - a wand of flame (20)
Scrolls
 e - 2 scrolls of blinking {unknown}
 f - 2 scrolls of teleportation {unknown}
 g - 3 scrolls of amnesia {unknown}
 j - a scroll of random uselessness {unknown}
 p - 3 scrolls of enchant weapon {unknown}
 q - a scroll of remove curse {unknown}
Potions
 c - a potion of might
 k - a potion of mutation {unknown}
 n - a potion of agility {unknown}
 o - a potion of flight {unknown}
Comestibles
 d - 8 rations


   Skills:
 + Level 5.2 Fighting
 + Level 6.0 Polearms
 + Level 4.5 Dodging
 + Level 4.5 Stealth
 - Level 3.2 Shields
 - Level 1.2 Unarmed Combat
 + Level 0.1 Evocations


You had 7 spell levels left.
You didn't know any spells.
Your spell library contained the following spells:

 Spells                   Type           Power        Failure   Level  Hunger
 Summon Small Mammal      Summ           #...         89%         1    ##.....
 Call Imp                 Summ           #.......     96%         2    ###....
 Call Canine Familiar     Summ           #.......     99%         3    ####...
 Summon Guardian Golem    Hex/Summ       #.......     99%         3    ####...
 Summon Ice Beast         Ice/Summ       #.......     100%        4    #####..
 Summon Lightning Spire   Summ/Air       #.......     100%        4    #####..


Dungeon Overview and Level Annotations

Branches:
Dungeon (5/15)
 Temple: D:4-7

Altars:
Hepliaklqana
Kikubaaqudgha
Xom
The Shining One


Innate Abilities, Weirdness & Mutations

You can breathe blasts of scalding, opaque steam.
Your pale cyan-grey scales are hard. (AC +6)
You cannot fit into any form of body armour.
You are cold-blooded and may be slowed by cold attacks.


Message History

The worker ant is heavily wounded.
* * * LOW HITPOINT WARNING * * *
You feel sick. The hound misses you. The centaur hits you.
* * * LOW HITPOINT WARNING * * *
You puncture the worker ant!
You kill the worker ant!
* * * LOW HITPOINT WARNING * * *
You feel sick. The hound barely misses you. You block the centaur's attack.
You impale the centaur!!
The centaur is almost dead.
* * * LOW HITPOINT WARNING * * *
You feel sick. You block the hound's attack. The centaur hits you.
* * * LOW HITPOINT WARNING * * *
The hound misses you.
You hit the centaur.
The centaur is almost dead.
The centaur closely misses you. The hound barely misses you.
You barely miss the centaur.
The centaur is almost dead.
You die...

##.#...#######
<#.#.........#..........
##.#.........#..........
...#.........#..........
...#.#...#...#..........
†#...#...#...#........(.
†..).+...#...#(.........
..####...#...#...c......
..............(†@†......
.....###.....#..h.......
.....# #...###..........
.#...# #...# #..........
.#...# #...# #.....$....
.#...# #...# #..........
.#...# #...# #......<...
.#...# ##### #..........
.....#


You could see a centaur and a hound.

Vanquished Creatures
  Grinder (D:4)
  The ghost of dragon the Slasher, an amateur DsGl (D:4)
  Edmund (D:4)
  2 ogres (D:4)
  A howler monkey (D:4)
  A hound (D:5)
  An iguana (D:4)
  Ijyb (D:3)
  3 worker ants
  Robin (D:4)
  14 adders
  A shadow imp (D:4)
  3 worms
  2 dart slugs
  4 leopard geckos
  2 orcs (D:5)
  A giant cockroach (D:2)
  15 goblins
  7 hobgoblins
  13 jackals
  8 kobolds
  A quokka (D:5)
  6 bats
  4 frilled lizards
  9 rats
103 creatures vanquished.

Vanquished Creatures (others)
  2 toadstools (D:5)
2 creatures vanquished.

Grand Total: 105 creatures vanquished

Notes
Turn   | Place    | Note
-------+----------+-------------------------------------------
     0 | D:1      | silentkaos13 the Draconian Fighter began the quest for the
                  | Orb.
     0 | D:1      | Reached XP level 1. HP: 19/19 MP: 1/1
   130 | D:1      | Reached XP level 2. HP: 12/26 MP: 2/2
   756 | D:2      | Reached XP level 3. HP: 27/31 MP: 3/3
   894 | D:2      | Reached skill level 3 in Polearms
  1081 | D:2      | Reached XP level 4. HP: 40/40 MP: 4/4
  1387 | D:2      | Found a shimmering altar of Xom.
  2063 | D:3      | Reached XP level 5. HP: 39/46 MP: 5/5
  2186 | D:3      | Noticed Ijyb
  2193 | D:3      | Paralysed by Ijyb for 3 turns
  2201 | D:3      | Paralysed by Ijyb for 6 turns
  2208 | D:3      | Killed Ijyb
  2208 | D:3      | Reached skill level 4 in Polearms
  2208 | D:3      | Reached skill level 1 in Stealth
  2228 | D:3      | Found a glowing golden altar of the Shining One.
  2237 | D:3      | Found an ancient bone altar of Kikubaaqudgha.
  2611 | D:4      | Noticed Grinder
  2615 | D:4      | Paralysed by Grinder for 2 turns
  2624 | D:4      | Paralysed by Grinder for 2 turns
  2636 | D:4      | Killed Grinder
  2636 | D:4      | Reached XP level 6. HP: 35/52 MP: 6/6
  3037 | D:4      | Noticed Edmund
  3074 | D:4      | Killed Edmund
  3074 | D:4      | Reached skill level 5 in Polearms
  3074 | D:4      | Your scales start taking on a pale cyan-grey colour.
  3074 | D:4      | Reached XP level 7. HP: 51/60 MP: 7/7
  3250 | D:4      | Noticed Robin
  3264 | D:4      | Killed Robin
  3412 | D:4      | Found a runed translucent door.
  3415 | D:4      | Noticed dragon's ghost (amateur DsGl)
  3461 | D:4      | Killed dragon's ghost
  3461 | D:4      | Reached skill level 5 in Fighting
  3461 | D:4      | Reached skill level 1 in Unarmed Combat
  3886 | D:4      | Reached XP level 8. HP: 64/68 MP: 8/8
  3898 | D:4      | Found a hazy altar of Hepliaklqana.
  4078 | D:5      | Entered Level 5 of the Dungeon
  4315 | D:5      | Reached skill level 6 in Polearms
  4323 | D:5      | HP: 4/102 [centaur (3)]
  4325 | D:5      | HP: 1/102 [centaur (2)]
  4327 | D:5      | Succumbed to a worker ant's poison

Levels and vault maps discovered:
D:1:      dpeg_arrival_long_road, layout_rooms
D:2:      layout_loops_ring, marbit_many_paths
D:3:      layout_loops_corners, grunt_temple_overflow_open, uniq_ijyb
D:4:      layout_cave_pools, nicolae_overflow_crystal_walls,
          ebering_ghost_sewer_d, serial_bayou, serial_bayou_pond_b,
          serial_bayou_pond_d, serial_bayou_shore_b, serial_bayou_pond_e,
          uniq_grinder, uniq_robin, uniq_edmund
D:5:      cheibrodos_fertilizer, layout_basic, lemuel_crystal_altar,
          serial_shops, shop, first_ration

Skill      XL: |  1  2  3  4  5  6  7  8 |
---------------+-------------------------+-----
Dodging        | 3 4 |  4.5
Polearms       | 3 4 5 6 |  6.0
Fighting       | 4 5 |  5.2
Stealth        | 2 3 4 |  4.5
Unarmed Combat | 1 |  1.2
Shields        | |  3.2
Evocations     | |  0.1

Action                   |  1- 3 |  4- 6 |  7- 9 || total
-------------------------+-------+-------+-------++-------
Melee: Trident           |   107 |   157 |   123 ||   387
       Tailslap          |    10 |    15 |    15 ||    40
       Unarmed           |       |    20 |       ||    20
 Abil: Breathe Steam     |       |       |     3 ||     3
Evoke: Wand              |       |     1 |       ||     1
  Use: Scroll            |       |     2 |       ||     2
       Potion            |       |     1 |     2 ||     3
 Stab: Sleeping          |       |     9 |     2 ||    11
       Paralysed         |       |     7 |       ||     7
  Eat: Chunk             |     1 |       |     2 ||     3
       Ration            |       |     2 |     1 ||     3
Armor: Skin              |    31 |    41 |    57 ||   129
Dodge: Dodged            |    34 |    71 |    76 ||   181
Block: Shield            |    55 |    57 |    81 ||   193

Table legend:
 A = Non-vault XP
 B = Vault XP
 C = Vault XP percentage of total XP
 D = Non-vault monster count
 E = Vault monster count
 F = Vault count percentage of total count
                 A         B        C        D         E       F
            +---------+---------+-------+---------+---------+-------
      Total |     623 |     951 |  60.4 |      83 |      20 |  19.4
            +---------+---------+-------+---------+---------+-------
        D:1 |      33 |       0 |   0.0 |      20 |       0 |   0.0
        D:2 |     100 |      14 |  12.3 |      20 |       1 |   4.8
        D:3 |      64 |      36 |  36.0 |      18 |       1 |   5.3
        D:4 |     283 |     901 |  76.1 |      13 |      18 |  58.1
        D:5 |     143 |       0 |   0.0 |      12 |       0 |   0.0
            +---------+---------+-------+---------+---------+-------
